Map: Polka LE

Players

tau

  • Race: Zerg Zerg
  • League: Diamond
  • Spawn Location: 11:00

DuXeNON

  • Race: Protoss Protoss
  • League: Platinum
  • Spawn Location: 11:00

qqq - Winner!

  • Race: Protoss Protoss
  • Spawn Location: 5:00

Massa - Winner!

  • Race: Terran Terran
  • League: Platinum
  • Spawn Location: 5:00

VOD

Have the link to the VOD?

Description

Time

  • Played on: Oct. 11, 2020, 4:40 p.m.
  • Length: 13:02
Show
View Real Time Build Order
Export as new Build Order

tau Zerg 

Build Orders: Pool First, Zergling Baneling 

Get SALT Encoding   

  12  0:05  Drone  
  13  0:26  Spawning Pool  
  12  0:29  Drone x2  
  14  0:38  Overlord  
  14  0:47  Extractor, Drone  
  14  0:58  Drone  
  14  1:01  Drone  
  16  1:22  Zergling x2  
  17  1:28  Hatchery, Zergling x2  
  17  1:34  Drone  
  18  1:46  Zergling x2  
  19  1:54  Metabolic Boost  
  19  1:56  Zergling x2  
  20  2:03  Queen  
  22  2:13  Overlord  
  22  2:23  Overlord  
  21  2:39  Zergling x2  
  21  2:43  Zergling x4  
  24  2:50  Zergling x2  
  24  2:56  Zergling x2  
  24  2:57  Baneling Nest  
  24  3:00  Zergling x2  
  24  3:05  Zergling x2  
  26  3:10  Zergling x2  
  27  3:21  Queen  
  27  3:23  Zergling x2  
  27  3:24  Zergling x4  
  32  3:36  Zergling x2  
  32  3:37  Zergling x2  
  32  3:40  Baneling  
  32  3:41  Baneling x3  
  33  3:43  Baneling  
  33  3:45  Baneling  
  33  3:47  Baneling  
  33  3:51  Zergling x2  
  31  4:09  Zergling x2  
  29  4:10  Zergling x6  
  27  4:18  Zergling x4  
  27  4:21  Baneling  
  28  4:43  Zergling x10  
  30  4:47  Drone  
  30  5:01  Zergling x8  
  30  5:03  Zergling x2  
  31  5:08  Zergling x2  
  31  5:12  Zergling x2  
  31  5:13  Baneling  
  33  5:26  Overlord x3  
  33  5:27  Drone  
  33  5:28  Drone  
  29  5:46  Zergling x2  
  30  5:56  Drone  
  31  6:06  Zergling x6  
  31  6:09  Drone  
  35  6:15  Drone x2  
  37  6:19  Hatchery  
  37  6:20  Drone  
  37  6:33  Baneling x6  
  37  6:34  Baneling x3  
  37  6:38  Drone  
  38  6:43  Drone x2  
  38  6:53  Zergling x8  
  33  6:57  Drone  
  34  7:01  Drone x2  
  34  7:02  Drone  
  34  7:07  Drone x2  
  39  7:18  Drone x2  
  41  7:24  Zergling x4  
  41  7:25  Zergling x2  
  40  7:35  Queen x2  
  40  7:36  Drone  
  45  7:47  Zergling x2  
  45  7:48  Zergling x12  
  52  7:54  Queen  
  52  7:55  Drone  
  55  7:59  Drone x2  
  55  8:02  Drone  
  58  8:06  Drone x2  
  58  8:07  Drone  
  58  8:11  Drone  
  58  8:12  Drone  
  63  8:16  Extractor  
  63  8:17  Extractor  
  61  8:24  Drone  
  61  8:25  Drone x7  
  69  8:29  Drone x2  
  69  8:33  Extractor  
  67  8:38  Zergling x2  
  67  8:39  Zergling x8  
  68  8:47  Roach Warren, Zergling x6  
  70  8:51  Drone  
  70  8:53  Extractor, Drone x2  
  70  8:54  Extractor  
  71  9:05  Spine Crawler  
  71  9:06  Drone x3  
  73  9:17  Overlord x4  
  57  9:47  Zergling x2  
  57  9:48  Zergling x28  
  69  9:54  Drone x3  
  72  10:20  Drone  
  72  10:21  Drone x7  
  80  10:47  Drone  
  80  10:48  Drone x9  
  90  10:54  Hatchery  
  79  10:58  Roach x8  
  79  11:01  Drone  
  91  11:06  Overlord x2  
  91  11:07  Roach  
  91  11:09  Drone x2  
  95  11:23  Roach  
  95  11:24  Roach x5  
  90  11:44  Roach x3  
  90  11:45  Roach x5  
  104  11:51  Roach x2  
  104  11:52  Roach  
  108  11:56  Roach x4  
  108  11:57  Roach x2  
  112  12:02  Roach x3  
  112  12:06  Roach  
  118  12:13  Drone x3, Spine Crawler  
  120  12:17  Spine Crawler  
  120  12:19  Drone  
  120  12:20  Drone x2  
  124  12:22  Ravager  
  124  12:23  Ravager x5  
  124  12:25  Ravager x2  
  124  12:29  Roach x4  
  117  12:40  Roach  
  117  12:41  Roach x7  
  127  12:46  Ravager  
Show
View Real Time Build Order
Export as new Build Order

DuXeNON Protoss 

Build Orders: Carriers 

Get SALT Encoding   

  12  0:00  Probe  
  13  0:12  Probe  
  14  0:17  Pylon  
  14  0:34  Probe (Chrono Boost)  
  15  0:38  Forge  
  15  0:45  Probe (Chrono Boost)  
  16  0:50  Probe (Chrono Boost)  
  17  0:59  Gateway  
  17  1:00  Probe  
  18  1:17  Probe  
  19  1:26  Pylon  
  19  1:42  Pylon  
  19  1:51  Photon Cannon  
  19  1:52  Photon Cannon  
  18  2:02  Pylon  
  18  2:13  Probe  
  18  2:16  Assimilator  
  18  2:19  Cybernetics Core  
  18  2:20  Assimilator  
  18  2:25  Probe  
  19  2:37  Probe  
  20  2:49  Probe  
  21  2:56  Nexus  
  21  3:03  Probe (Chrono Boost)  
  22  3:15  Probe (Chrono Boost)  
  23  3:25  Probe  
  24  3:37  Probe  
  25  3:41  Pylon  
  25  3:56  Pylon  
  25  3:58  Probe, Assimilator  
  25  4:00  Stargate  
  25  4:02  Assimilator  
  26  4:10  Probe  
  27  4:19  Probe  
  27  4:22  Probe  
  29  4:28  Robotics Facility  
  29  4:31  Probe  
  30  4:49  Probe x2, Nexus  
  30  4:50  Pylon  
  32  5:01  Probe  
  32  5:03  Probe  
  34  5:13  Probe  
  35  5:15  Fleet Beacon  
  35  5:20  Probe  
  38  5:25  Probe  
  39  5:33  Probe  
  38  5:37  Probe  
  39  5:43  Oracle (Chrono Boost)  
  39  5:45  Probe  
  39  5:49  Probe  
  44  5:54  Nexus  
  44  5:57  Probe  
  44  6:02  Probe  
  46  6:08  Probe  
  46  6:09  Probe  
  48  6:14  Probe  
  49  6:20  Probe  
  50  6:26  Probe x2  
  50  6:27  Carrier  
  58  6:34  Probe, Stargate  
  58  6:38  Probe  
  58  6:39  Probe  
  61  6:43  Photon Cannon  
  61  6:46  Probe, Photon Cannon  
  62  6:48  Shield Battery  
  62  7:05  Photon Cannon  
  62  7:06  Photon Cannon x2  
  59  7:15  Shield Battery  
  59  7:18  Probe  
  59  7:19  Probe x2  
  60  7:25  Pylon  
  60  7:29  Carrier  
  57  7:31  Carrier  
  50  7:46  Probe x2  
  50  7:47  Probe  
  53  7:53  Assimilator  
  53  7:55  Assimilator  
  53  7:58  Probe x2  
  53  7:59  Probe  
  53  8:04  Protoss Air Weapons Level 1 (Chrono Boost)  
  56  8:14  Probe x2  
  56  8:15  Probe  
  59  8:26  Probe, Stargate  
  60  8:31  Pylon  
  60  8:32  Pylon  
  60  8:59  Carrier  
  60  9:00  Probe x3  
  68  9:12  Probe  
  68  9:14  Probe  
  68  9:15  Probe  
  71  9:20  Carrier (Chrono Boost)  
  77  9:24  Probe  
  84  9:47  Carrier (Chrono Boost)  
  84  10:10  Carrier (Chrono Boost)  
  84  10:20  Probe  
  85  10:34  Pylon  
  85  10:37  Pylon  
  85  10:39  Pylon  
  85  10:52  Tempest, Probe x3  
  85  10:55  Tempest  
  98  11:05  Probe  
  98  11:07  Tempest  
  98  11:09  Nexus  
  104  11:12  Assimilator  
  104  11:16  Assimilator  
  104  11:17  Stargate x2  
  104  11:18  Pylon  
  104  11:19  Stargate  
  104  11:21  Shield Battery  
  104  11:22  Shield Battery  
  104  11:24  Shield Battery  
  98  11:44  Carrier  
  92  11:53  Carrier  
  92  12:03  Probe x2  
  92  12:04  Probe  
  90  12:15  Probe  
  90  12:16  Probe x2  
Show
View Real Time Build Order
Export as new Build Order

qqq Protoss - Winner!

Build Orders:  

Get SALT Encoding   

  12  0:01  Probe  
  13  0:13  Probe  
  14  0:21  Pylon  
  14  0:30  Probe  
  15  0:42  Probe  
  16  0:54  Probe  
  17  1:06  Probe  
  18  1:23  Nexus  
  18  1:29  Gateway  
  18  1:36  Probe  
  19  1:48  Probe  
  20  2:00  Probe  
  21  2:21  Zealot  
  23  2:35  Probe  
  23  2:36  Gateway x2  
  24  2:42  Assimilator  
  24  2:43  Probe  
  25  2:47  Probe  
  25  2:48  Zealot  
  28  2:55  Probe  
  29  2:59  Probe  
  29  3:00  Forge  
  29  3:03  Pylon  
  30  3:08  Probe  
  30  3:09  Pylon  
  30  3:11  Probe  
  32  3:13  Pylon  
  32  3:15  Zealot  
  34  3:20  Probe  
  35  3:29  Zealot x2  
  35  3:32  Cybernetics Core  
  39  3:41  Pylon  
  39  3:42  Zealot  
  39  3:44  Probe (Chrono Boost)  
  39  3:45  Probe (Chrono Boost)  
  43  3:53  Assimilator  
  43  3:56  Probe (Chrono Boost)  
  43  3:59  Zealot  
  47  4:03  Probe (Chrono Boost)  
  47  4:05  Probe (Chrono Boost)  
  49  4:10  Probe (Chrono Boost)  
  49  4:11  Probe  
  50  4:21  Probe  
  50  4:23  Probe  
  52  4:33  Probe, Twilight Council  
  52  4:35  Probe  
  54  4:45  Probe  
  55  4:47  Probe  
  56  4:57  Probe  
  57  5:01  Photon Cannon  
  55  5:08  Zealot  
  55  5:09  Zealot x2  
  62  5:17  Probe  
  62  5:19  Charge (Chrono Boost)  
  62  5:20  Assimilator  
  62  5:24  Assimilator  
  62  5:30  Probe  
  62  5:32  Gateway  
  62  5:33  Gateway  
  61  5:36  Zealot x3  
  61  5:57  Robotics Facility  
  61  6:03  Zealot x3  
  67  6:12  Probe  
  68  6:21  Zealot  
  70  6:29  Pylon  
  70  6:30  Pylon  
  70  6:33  Pylon  
  70  6:36  Pylon  
  70  6:43  Pylon  
  70  6:47  Probe, Zealot x3  
  70  6:53  Zealot x2  
  71  6:59  Probe  
  72  7:06  Stargate  
  72  7:11  Probe  
  72  7:14  Zealot x3  
  79  7:20  Stalker x2  
  79  7:22  Nexus  
  83  7:23  Probe  
  83  7:24  Pylon  
  83  7:25  Pylon  
  85  7:30  Observer  
  85  7:40  Nexus  
  85  7:41  Zealot x3  
  85  7:42  Pylon  
  89  7:44  Pylon  
  89  7:50  Warp Prism  
  87  8:01  Phoenix  
  87  8:05  Fleet Beacon  
  89  8:09  Stargate  
  89  8:12  Stargate  
  89  8:13  Photon Cannon  
  89  8:16  Photon Cannon  
  89  8:17  Shield Battery  
  89  8:18  Pylon  
  89  8:34  Photon Cannon  
  89  8:36  Photon Cannon  
  89  8:39  Photon Cannon  
  89  8:40  Shield Battery  
  87  8:42  Pylon  
  87  8:43  Phoenix (Chrono Boost)  
  89  8:51  Tempest (Chrono Boost)  
  89  8:52  Tempest (Chrono Boost)  
  99  9:04  Phoenix (Chrono Boost)  
  99  9:05  Observer  
  102  9:10  Probe x2, Protoss Air Weapons Level 1 (Chrono Boost)  
  104  9:22  Probe x2, Tempest  
  111  9:34  Probe x2  
  109  9:38  Tempest  
  109  9:39  Tempest  
  115  9:56  Assimilator  
  115  9:58  Assimilator  
  113  10:05  Tempest  
  116  10:15  Probe  
  117  10:26  Tempest x2  
  117  10:28  Probe (Chrono Boost)  
  128  10:36  Probe (Chrono Boost)  
  130  10:45  Probe (Chrono Boost)  
  130  10:46  Probe (Chrono Boost), Anion Pulse-Crystals  
  131  10:51  Probe x2 (Chrono Boost)  
  133  10:59  Zealot x2  
  133  11:02  Protoss Air Armor Level 1  
  133  11:03  Probe x2  
  139  11:11  Tempest  
  139  11:15  Probe x2  
  146  11:23  Carrier  
  150  11:27  Probe  
  150  11:29  Nexus  
  150  11:30  Pylon  
  150  11:31  Pylon  
  144  11:40  Probe  
  134  12:30  Probe x2  
  136  12:42  Probe x2  
Show
View Real Time Build Order
Export as new Build Order

Massa Terran - Winner!

Build Orders: Gas First Reaper Expand 

Get SALT Encoding   

  12  0:00  SCV  
  13  0:12  SCV  
  14  0:23  Supply Depot  
  14  0:24  SCV  
  15  0:31  Refinery  
  15  0:45  SCV  
  15  0:46  Barracks  
  16  0:57  SCV  
  17  1:09  SCV  
  18  1:21  SCV  
  19  1:33  Reaper  
  19  1:39  Command Center  
  20  1:44  Orbital Command  
  20  2:05  Marine  
  20  2:07  Supply Depot  
  21  2:23  Marine  
  22  2:42  Marine  
  22  2:50  Factory  
  22  2:53  Supply Depot  
  22  2:54  Supply Depot  
  22  3:02  Supply Depot  
  22  3:05  Supply Depot  
  22  3:11  Marine  
  23  3:15  SCV  
  24  3:27  SCV  
  24  3:29  Marine  
  26  3:40  Factory Reactor  
  26  3:49  Orbital Command  
  26  3:50  SCV  
  26  3:52  Starport  
  27  4:03  SCV  
  28  4:17  Hellion  
  28  4:18  Hellion  
  32  4:24  Supply Depot  
  32  4:31  SCV x2  
  33  4:39  Hellion x2  
  33  4:43  SCV  
  33  4:44  SCV  
  39  4:49  Supply Depot  
  39  4:56  SCV  
  40  5:22  Marine  
  40  5:24  Hellion x2  
  45  5:30  Medivac  
  45  5:31  SCV x2  
  45  5:35  Engineering Bay  
  49  5:37  Supply Depot  
  49  5:39  Marine  
  49  5:41  Barracks  
  50  5:43  SCV  
  50  5:44  SCV  
  50  5:45  Hellion x2  
  56  5:55  Refinery  
  56  5:57  Marine  
  56  6:00  Medivac  
  59  6:07  Hellion x2  
  63  6:15  Marine  
  64  6:29  Hellion  
  64  6:30  Hellion  
  64  6:31  Barracks Tech Lab  
  68  6:33  Marine  
  69  6:51  Widow Mine x2, Marine  
  69  7:08  Marine  
  70  7:26  Marine  
  55  7:58  Barracks, Marine  
  55  8:01  Marine  
  55  8:03  Factory Tech Lab, Stimpack  
  57  8:08  Terran Infantry Weapons Level 1, Missile Turret x2  
  57  8:16  Marine  
  57  8:17  Command Center  
  57  8:19  SCV x2, Marine, Command Center  
  61  8:28  Missile Turret  
  61  8:30  Missile Turret  
  61  8:31  SCV x2  
  63  8:34  Marine  
  63  8:35  Armory  
  63  8:37  Marine  
  63  8:38  Missile Turret  
  65  8:46  Marine  
  65  8:47  Marine  
  67  8:50  Missile Turret  
  67  8:52  Marine  
  67  8:54  Marine  
  69  8:58  Missile Turret  
  69  9:04  Marine x2  
  71  9:10  Marine  
  71  9:11  Starport Reactor  
  71  9:12  Marine  
  73  9:18  Missile Turret  
  73  9:21  Factory  
  73  9:22  Marine x2  
  73  9:23  Factory  
  75  9:27  Marine  
  75  9:28  Thor  
  75  9:30  Marine  
  83  9:40  Marine  
  80  9:56  Marine x3  
  80  9:57  Combat Shield  
  80  9:58  Marine  
  80  9:59  Viking x2  
  88  10:06  Refinery  
  88  10:09  Refinery  
  88  10:11  Thor  
  88  10:13  Marine  
  95  10:15  Armory  
  95  10:16  Factory Tech Lab  
  95  10:29  Viking x2  
  100  10:35  SCV x2  
  101  10:47  SCV  
  101  10:48  SCV  
  103  10:53  Refinery  
  103  10:58  Refinery  
  103  10:59  SCV  
  103  11:00  SCV  
  105  11:10  Factory Tech Lab  
  105  11:12  SCV x2  
  107  11:24  SCV  
  107  11:25  Smart Servos  
  108  11:26  Supply Depot  
  108  11:27  Supply Depot x2  
  108  11:32  Orbital Command  
  108  11:47  SCV x2, Thor  
  108  11:48  Thor  
  108  11:50  Orbital Command, Supply Depot  
  108  11:51  Supply Depot  
  108  11:52  Supply Depot  
  122  11:54  Thor  
  122  11:57  Marauder, Marine  
  122  11:59  Marine  
  132  12:12  SCV  
  132  12:14  Supply Depot  
  132  12:15  Supply Depot  
  133  12:16  Supply Depot  
Tags
 
Add a new tag
Caveats
  • Supply blocks, unpowered buildings, or Contaminate may cause inaccurate times.
  • Supply counts are checked every 10 seconds.